 Dungeon Crawl Stone Soup version 0.31-a0-986-g5e6e4ef867 (webtiles) character file.

Game seed: 4938086130628330245

261 Dittersdorf the Trooper (level 6, -5/48 HPs)
             Began as a Human Fighter on Nov 7, 2023.
             Killed from afar by an orc wizard (8 damage)
             ... with a puff of flame
             ... on level 4 of the Dungeon.
             The game lasted 00:03:21 (3179 turns).

Dittersdorf the Trooper (Human Fighter)             Turns: 3179, Time: 00:03:22

Health: -5/48      AC: 10    Str: 18    XL:     6   Next: 42%
Magic:  6/6        EV:  7    Int:  9    God:
Gold:   206        SH:  0    Dex: 12    Spells: 5/5 levels left

rFire   . . .        a - +0 long sword
rCold   . . .        c - +0 buckler
rNeg    . . .        i - +0 chain mail
rPois   .            (no helmet)
rElec   .            o - +0 cloak
rCorr   .            (no gloves)
SInv    .            (no boots)
Will    .....        (no amulet) Stlth
                     (no ring)
HPRegen 0.28/turn    (no ring)
MPRegen 0.10/turn

%: no passive effects
@: confused
A: no striking features
a: no special abilities


You were on level 4 of the Dungeon.
You visited 1 branch of the dungeon, and saw 4 of its levels.

You collected 206 gold pieces.

Inventory:

Hand Weapons
 a - a +0 long sword (weapon)
Armour
 c - a +0 buckler (worn)
 i - a +0 chain mail (worn)
 n - a +0 plate armour
 o - a +0 cloak (worn)
Wands
 r - a wand of iceblast (3) (quivered)
Scrolls
 b - a scroll of fear
 g - 3 scrolls of teleportation
Potions
 d - a potion of might
 h - a potion of berserk rage {unknown}
 j - a potion of brilliance
 l - 2 potions of enlightenment {unknown}
 m - a potion of curing


   Skills:
 + Level 4.2 Fighting
 + Level 3.5 Long Blades
 + Level 4.2 Armour
 + Level 4.1 Shields


You had 5 spell levels left.
You didn't know any spells.
Your spell library was empty.

Dungeon Overview and Level Annotations

Branches:
Dungeon (4/15)
 Temple: D:4-7

Altars:
Zin

Shops:
D:2 (

Annotations:
D:4 3 runed translucent doors, gelatine's ghost, novice DsFE


Message History

The orc hits you but does no damage.
The orc wizard mumbles some strange words.
The orc wizard flickers and vanishes!
Deactivating autopickup; reactivate with Ctrl-A.
The orc hits you but does no damage.
You hit something but do no damage.
You hear some strange, mumbled words.
You are confused.
The orc hits you from afar with a +0 trident.
* * * LOW HITPOINT WARNING * * *
The orc attacks as it pursues you! The orc barely misses you.
You hit something. Something hits you but does no damage.
The orc hits you but does no damage.
You bump into the rock wall.
Something hits you but does no damage. The orc barely misses you.
You bump into the rock wall.
You hear some strange, mumbled words.
A puff of flame appears from out of thin air!
The puff of flame hits you.
* * * LOW HITPOINT WARNING * * *
The orc hits you from afar with a +0 trident.
* * * LOW HITPOINT WARNING * * *
You feel less confused.
You hear some strange, mumbled words.
You are confused.
You hear some strange, mumbled words.
Something tries to affect you, but you resist.
You bump into the rock wall.
You hear some strange, mumbled words.
A puff of flame appears from out of thin air!
The puff of flame hits you.
* * * LOW HITPOINT WARNING * * *
You bump into the rock wall.
You feel less confused.
You hear some strange, mumbled words.
You are confused.
You hear some strange, mumbled words.
A puff of flame appears from out of thin air!
The puff of flame hits you!
You die...

.......# #......# ...##..#
#.####.### .......# ####.##.....#
##### .......#
#.......###.####...# #####..####
#.##.##.# #........# JW..#...o.#
#....##.###.####.<.# ##..#..##.#
#...†.......#####.###
##$.#..##.###.##.##.######.......
..$.#..##.....o.@##.######.##.##.
##..#........o{.........##.##.##.
#..#...#.###...........##.##.##.
....#...#.##............##.##.##.
#####..##.##........<...##.##.##.
.. ....##.##.#..........##.......
. .....##.......#############.###
....########.#### #.# ...# #.#
##########.#


You could see 2 orcs.

Vanquished Creatures
  A water moccasin (D:3)
  An orc priest (D:3)
  Terence (D:2)
  3 adders
  3 worms (D:2)
  3 dart slugs
  5 orcs
  6 ball pythons
  7 endoplasms
  4 giant cockroaches
  5 goblins
  4 hobgoblins
  3 bats
  2 frilled lizards
  3 kobolds
  6 rats
57 creatures vanquished.

Notes
Turn   | Place    | Note
-------+----------+-------------------------------------------
     0 | D:1      | Dittersdorf the Human Fighter began the quest for the Orb.
     0 | D:1      | Reached XP level 1. HP: 18/18 MP: 1/1
   123 | D:1      | Reached XP level 2. HP: 24/24 MP: 2/2
   401 | D:2      | Noticed Terence
   412 | D:2      | Killed Terence
   413 | D:2      | Reached XP level 3. HP: 11/29 MP: 3/3
   567 | D:2      | Found a faded altar of an unknown god.
   581 | D:2      | Reached XP level 4. HP: 22/35 MP: 4/4
  1014 | D:2      | Found Emeadgh's Antique Weapon Boutique.
  1636 | D:3      | Noticed a water moccasin
  1648 | D:3      | Killed a water moccasin
  1649 | D:3      | Reached XP level 5. HP: 16/42 MP: 5/5
  1649 | D:3      | Reached XP level 6. HP: 18/48 MP: 6/6
  2300 | D:4      | Found a glowing silver altar of Zin.
  3118 | D:4      | Noticed gelatine's ghost (novice DsFE)
  3127 | D:4      | Found a runed translucent gate.
  3127 | D:4      | Found a runed translucent gate.
  3150 | D:4      | Found a runed translucent gate.
  3172 | D:4      | HP: 1/48 [something/puff of flame (5)]
  3179 | D:4      | Killed from afar by an orc wizard

Illustrated notes

Levels and vault maps discovered:
D:1:      ncdulo_lavacross, layout_rooms
D:2:      layout_basic, serial_shops, shop, ebering_ecumenical_altar_petrified,
          uniq_terence
D:3:      layout_basic, nrook_mini_backslash, ebering_dispersal_statue_hall
D:4:      layout_loops_cross, lemuel_crystal_altar, zin_treasury,
          gammafunk_ghost_split, minivault_14

Skill      XL: |  1  2  3  4 |
---------------+-------------+-----
Fighting       | 4 |  4.2
Long Blades    | 3 |  3.5
Armour         | 4 |  4.2
Shields        | 4 |  4.1

Action                     |  1- 3 |  4- 6 || total
---------------------------+-------+-------++-------
  Melee: Long sword        |    57 |   116 ||   173
  Evoke: Wand              |       |     2 ||     2
    Use: Scroll            |       |     8 ||     8
 Armour: Scale mail        |     4 |       ||     4
         Chain mail        |    26 |   103 ||   129
  Dodge: Dodged            |    13 |    45 ||    58
  Block: Buckler           |    14 |    16 ||    30

Table legend: (Time is in decaauts)
 A = Elapsed time spent in this place.
 B = Non-inter-level travel time spent in this place.
 C = Inter-level travel time spent in this place.
 D = Time resting spent in this place.
 E = Time spent auto-exploring this place.
 F = Levels seen in this place.
 G = Mean time per level.
                   A        B        C        D        E       F      G
               +--------+--------+--------+--------+--------+-----+--------+
         Total |   3234 |   2997 |    237 |    639 |   1788 |   4 |  808.5 |
       Dungeon |   3234 |   2997 |    237 |    639 |   1788 |   4 |  808.5 |
               +--------+--------+--------+--------+--------+-----+--------+

Top non-repeatable levels by time:
     D:3: 1381 daAuts
     D:2: 841 daAuts
     D:4: 611 daAuts
     D:1: 400 daAuts
